 Dungeon Crawl Stone Soup version 0.19.5 (webtiles) character file.

1421 Keye the Cleaver (level 8, 0/64 HPs)
             Began as a Hill Orc Fighter on May 6, 2017.
             Was an Initiate of Okawaru.
             Shot with an arrow by a centaur (10 damage)
             ... on level 6 of the Dungeon.
             The game lasted 00:08:24 (5590 turns).

Keye the Cleaver (Hill Orc Fighter)                 Turns: 5590, Time: 00:08:25

Health: 0/64       AC:  9    Str: 21    XL:     8   Next: 72%
Magic:  8/8        EV:  9    Int:  8    God:    Okawaru [......]
Gold:   201        SH:  6    Dex: 10    Spells: 0 memorised, 7 levels left

rFire  . . .     SeeInvis .     v - -1 war axe (curse)
rCold  . . .     Gourm    .     b - +1 scale mail
rNeg   . . .     Faith    .     (no shield)
rPois  .         Spirit   .     (no helmet)
rElec  .         Reflect  +     p - +0 cloak
rCorr  .         Harm     .     (no gloves)
MR     .....     Rnd*Tele +     (no boots)
Stlth  +.........               h - +6 amulet of reflection
                                x - ring of stealth
                                s - ring of teleportation (curse)

@: no status effects
A: no striking features
a: Renounce Religion


You were on level 6 of the Dungeon.
You worshipped Okawaru.
Okawaru was noncommittal.
You were not hungry.

You visited 2 branches of the dungeon, and saw 7 of its levels.

You collected 201 gold pieces.

Inventory:

Hand Weapons
 a - a +0 war axe
 o - a +1 war axe of electrocution
 v - a cursed -1 war axe (weapon)
Armour
 b - a +1 scale mail (worn)
 c - a +0 shield
 p - a +0 cloak (worn)
Jewellery
 h - a +6 amulet of reflection (around neck)
 k - an uncursed amulet of guardian spirit
 s - a cursed ring of teleportation (left hand)
 x - a ring of stealth (right hand)
Wands
 r - a wand of flame (24/48)
 t - a wand of teleportation (1/9)
 z - a wand of lightning (3/15)
Scrolls
 i - a scroll of noise
 y - a scroll of identify
Potions
 d - a potion of might
 e - a potion of agility
 g - a potion of resistance {unknown}
 l - a potion of mutation
 m - 2 potions of curing
 n - a potion of haste
 q - a potion of heal wounds {unknown}
Books
 u - Rureumiak's Handbook of Necromancy and Execration
   (You found it on level 5 of the Dungeon)

   Spells                             Type                      Level
   a - Sublimation of Blood           Necromancy                   2
   b - Summon Guardian Golem          Hexes/Summoning              3
   c - Animate Dead                   Necromancy                   4
   d - Yara's Violent Unravelling     Hexes/Transmutation          5
   e - Simulacrum                     Ice/Necromancy               6
Comestibles
 f - 5 bread rations
 j - a meat ration
 w - 4 chunks of flesh


   Skills:
 - Level 3.6 Fighting
 + Level 13.3 Axes
 - Level 3.2 Armour
 - Level 3.2 Shields


You had 7 spell levels left.
You didn't know any spells.

Dungeon Overview and Level Annotations

Branches:
Dungeon (6/15)             Temple (1/1) D:5

Altars:
Ashenzari
Cheibriados
Dithmenos
Fedhas
Gozag
Hepliaklqana
Makhleb
Nemelex Xobeh
Okawaru
Qazlal
Ru
Sif Muna
Trog
Vehumet
Xom
Yredelemnul
Zin
The Shining One


Message History

The scorpion stings you but does no damage.
You slice the scorpion!!
You kill the scorpion!
Okawaru accepts your kill.
The centaur zaps a wand.
You suddenly lose the ability to move!
The centaur shoots an arrow.
The arrow hits you.
The centaur shoots an arrow.
The arrow hits you.
The centaur shoots an arrow.
The arrow hits you.
The centaur shoots an arrow.
The arrow hits you!
The centaur shoots an arrow.
The arrow hits you.
The centaur shoots an arrow.
The arrow hits you!
The centaur shoots an arrow.
The arrow hits you!
* * * LOW HITPOINT WARNING * * *
The centaur shoots an arrow.
The arrow hits you.
* * * LOW HITPOINT WARNING * * *
You can move again.
You are too injured to fight recklessly!
You are too injured to fight recklessly!
The centaur shoots an arrow.
The arrow hits you!
You die...

....####### #####
########. ...## #.
#### # #. #. #. #..
###### #######.
#..####....####.......
#...#..........((...##
#.....(..........(.##
#....@...####.....(#
#.......## #####..##
#.......## ###.##
.........# ##)#
..!......# ##รท
$.c......# ##
######.... ###..


You could see a centaur.

Vanquished Creatures
  Sigmund (D:2)
  Edmund (D:4)
  2 ice beasts
  An ogre (D:4)
  2 centaurs (D:6)
  A bullfrog (D:6)
  A scorpion (D:6)
  A crimson imp (D:4)
  A bullfrog zombie (D:6)
  2 hounds (D:5)
  5 orc wizards
  An orc priest (D:4)
  A centaur skeleton (D:5)
  Jessica (D:3)
  An iguana (D:6)
  A hound skeleton (D:5)
  4 adders
  7 gnolls
  A shadow imp (D:5)
  A worm (D:3)
  An adder skeleton (D:4)
  A dart slug (D:2)
  5 leopard geckos
  4 orcs
  8 giant cockroaches
  7 goblins
  12 hobgoblins
  7 jackals
  5 kobolds
  A quokka (D:4)
  A ball python (D:1)
  11 bats
  7 frilled lizards
  A leopard gecko zombie (D:6)
  8 rats
115 creatures vanquished.

Notes
Turn   | Place    | Note
-------+----------+-------------------------------------------
     0 | D:1      | Keye the Hill Orc Fighter began the quest for the Orb.
     0 | D:1      | Reached XP level 1. HP: 19/19 MP: 1/1
    30 | D:1      | Reached skill level 3 in Axes
   189 | D:1      | Reached XP level 2. HP: 21/26 MP: 2/2
   407 | D:1      | Reached skill level 4 in Axes
   897 | D:2      | Reached XP level 3. HP: 31/31 MP: 3/3
   949 | D:2      | Found a hazy altar of Hepliaklqana.
  1062 | D:2      | Reached skill level 5 in Axes
  1188 | D:2      | Noticed Sigmund
  1204 | D:2      | Killed Sigmund
  1204 | D:2      | Reached skill level 7 in Axes
  1204 | D:2      | Reached XP level 4. HP: 21/39 MP: 4/4
  1204 | D:2      | Reached XP level 5. HP: 24/45 MP: 5/5
  1554 | D:2      | Reached skill level 8 in Axes
  1554 | D:2      | Reached XP level 6. HP: 51/51 MP: 6/6
  1753 | D:3      | Noticed Jessica
  1757 | D:3      | Killed Jessica
  1922 | D:3      | Found a burning altar of Makhleb.
  2343 | D:3      | Found a shadowy altar of Dithmenos.
  2913 | D:4      | Reached skill level 9 in Axes
  3704 | D:4      | Reached XP level 7. HP: 57/57 MP: 7/7
  3965 | D:4      | Noticed Edmund
  3977 | D:4      | Killed Edmund
  3977 | D:4      | Reached skill level 10 in Axes
  4269 | D:5      | Entered Level 5 of the Dungeon
  4327 | D:5      | Reached skill level 11 in Axes
  4328 | D:5      | Reached XP level 8. HP: 59/64 MP: 8/8
  4349 | D:5      | Identified Rureumiak's Handbook of Necromancy and Execration
  4451 | D:5      | Found a staircase to the Ecumenical Temple.
  4552 | Temple   | Entered the Ecumenical Temple
  4740 | Temple   | Became a worshipper of Warmaster Okawaru
  4901 | D:5      | Reached skill level 12 in Axes
  5554 | D:6      | Reached skill level 13 in Axes
  5583 | D:6      | Paralysed by a centaur for 6 turns
  5590 | D:6      | Shot with an arrow by a centaur

Skill      XL: |  1  2  3  4  5  6  7  8 |
---------------+-------------------------+-----
Axes           | 3 4 7 8 9 11 13 | 13.3
Fighting       | |  3.6
Armour         | |  3.2
Shields        | |  3.2

Action                   |  1- 3 |  4- 6 |  7- 9 || total
-------------------------+-------+-------+-------++-------
Melee: War axe           |   110 |   133 |   113 ||   356
  Use: Scroll            |       |     9 |     2 ||    11
  Eat: Chunk             |     1 |     8 |     3 ||    12
       Bread ration      |       |       |     1 ||     1
Armor: Scale mail        |    42 |    34 |    37 ||   113
Dodge: Dodged            |    66 |    48 |    40 ||   154
Block: Other             |    24 |    44 |    25 ||    93
       Reflection        |       |     5 |     3 ||     8
